 Dungeon Crawl Stone Soup version 0.30-a0-782-ge64f9170bb (webtiles) character file.

Game seed: 17952135061066485025

413 zibby the Covert (level 6, -2/35 HPs)
             Began as a Vampire Brigand on Feb 22, 2023.
             Slain by a wight
             ... wielding a +0 falchion
              (7 damage)
             ... on level 4 of the Dungeon.
             The game lasted 00:13:48 (2960 turns).

zibby the Covert (Vampire Brigand)                  Turns: 2960, Time: 00:13:48

Health: -2/35      AC: 11    Str: 10    XL:     6   Next: 59%
Magic:  6/6        EV: 11    Int: 14    God:
Gold:   305        SH:  4    Dex: 17    Spells: 5/5 levels left

rFire   . . .      SeeInvis +    o - +4 hand axe (vamp)
rCold   + + .      Faith    .    s - +0 buckler
rNeg    + + +      Spirit   .    t - +2 robe {Will+}
rPois   ∞          Reflect  .    (no helmet)
rElec   .          Harm     .    c - +0 cloak
rCorr   .          Rampage  .    g - +0 pair of gloves
Will    +....                    l - +0 pair of boots
Stlth   ++++++                   (no amulet)
HPRegen 0.00/turn                f - +4 ring of protection
MPRegen 0.10/turn                (no ring)

@: flying, bloodless, inhibited regen
A: bloodless, fangs 3, see invisible, vampiric 2
a: Bat Form, Revivify


You were on level 4 of the Dungeon.
You visited 1 branch of the dungeon, and saw 4 of its levels.

You collected 305 gold pieces.

Inventory:

Hand Weapons
 a - a +2 dagger
 h - a +2 dagger of venom
 o - a +4 vampiric hand axe (weapon)
 p - a +1 whip of draining
 r - a +2 dagger of venom
Missiles
 d - a boomerang
 e - 3 curare-tipped darts
 i - 3 atropa-tipped darts (quivered)
Armour
 c - a +0 cloak (worn)
 g - a +0 pair of gloves (worn)
 l - a +0 pair of boots (worn)
 s - a +0 buckler (worn)
 t - a +2 robe of willpower (worn)
Jewellery
 f - a +4 ring of protection (left hand)
Scrolls
 m - 2 scrolls of teleportation
 q - a scroll of amnesia
Potions
 b - 3 potions of might
 j - a potion of cancellation
 n - 2 potions of lignification


   Skills:
 + Level 2.1 Fighting
 + Level 3.2 Short Blades
 + Level 2.1 Axes
 + Level 2.1 Throwing
 + Level 2.1 Armour
 + Level 1.4 Dodging
 + Level 9.1 Stealth
 + Level 0.1 Shields


You had 5 spell levels left.
You didn't know any spells.
Your spell library contained the following spells:

 Spells                   Type           Power      Damage    Failure   Level
 Ensorcelled Hibernation  Hex/Ice        0%         N/A       52%         2
 Passwall                 Tmut/Erth      0%         N/A       52%         2
 Static Discharge         Conj/Air       0%         2-2/arc   52%         2
 Swiftness                Air            0%         N/A       75%         3
 Vhi's Electric Charge    Tloc/Air       0%         N/A       75%         3
 Arcjolt                  Conj/Air       0%         1d10      100%        5
 Lightning Bolt           Conj/Air       0%         1d11      100%        5


Dungeon Overview and Level Annotations

Branches:
Dungeon (4/15)
 Temple: D:4-7

Altars:
Trog
Wu Jian

Shops:
D:2 ?


Innate Abilities, Weirdness & Mutations

You do not regenerate when monsters are visible.
You are frail without blood (-20% HP).
You can heal yourself when you bite living creatures.
You are immune to poison.
You have razor-sharp teeth.
You have supernaturally acute eyesight. (SInv)
You are afflicted with vampirism and can become a bat while bloodless.


Message History

The wight is heavily damaged.
The wight hits you but does no damage.
You hit the wight but do no damage.
The wight is heavily damaged.
The wight barely misses you. The wight closely misses you.
You closely miss the wight.
The wight is moderately damaged.
The wight misses you.
You throw a boomerang.
The boomerang hits the wight but does no damage.
The wight is moderately damaged.
The wight barely misses you.
You throw a boomerang.
The boomerang hits the wight but does no damage.
The wight is moderately damaged.
The wight closely misses you.
You hit the wight. You bite the wight, but do no damage.
The wight is heavily damaged.
The wight hits you with a +0 falchion. The wight barely misses you.
You completely miss the wight.
The wight is heavily damaged.
The wight hits you with a +0 falchion.
* * * LOW HITPOINT WARNING * * *
It was a potion of flight.
You feel very buoyant.
You fly up into the air.
The wight hits you with a +0 falchion.
* * * LOW HITPOINT WARNING * * *
It was a potion of magic.
Magic courses through your body. The wight hits you with a +0 falchion.
* * * LOW HITPOINT WARNING * * *
You barely miss the wight. Your bite misses the wight.
The wight is heavily damaged.
The wight barely misses you.
You barely miss the wight. You bite the wight, but do no damage.
The wight is heavily damaged.
The wight barely misses you. x2
You hit the wight. Your bite misses the wight.
The wight is severely damaged.
The wight hits you with a +0 falchion!
You die...

#..# ##.####.≈.#.#
#.# #..#
#.......≈...# #.#
#..######.........###
#.# ###
#.......[.#####...#
#.####.#########
#.≈.# .......# #.≈.#
#.###### ##.≈.#####
#.# ######..≈......
#.# #..@zo....##...
#.# #.####..((# ##
#.# # #.._.# #.#
#..).# ..# ##..(.#
### #.z.≈(##.# .##
#.###...≈(.... ..#
#oo.....≈(.... .##
.oo...g...≈.##..


You could see a wight and an orc.

Vanquished Creatures
  Sigmund (D:4)
  A phantom (D:4)
  An iguana (D:3)
  3 gnolls
  3 adders
  A worm (D:2)
  4 dart slugs
  6 orcs (D:4)
  7 endoplasms
  5 giant cockroaches
  11 hobgoblins
  2 quokkas (D:3)
  9 ball pythons
  9 bats
  2 frilled lizards (D:1)
  3 goblins
  6 kobolds
  5 rats
79 creatures vanquished.

Notes
Turn   | Place    | Note
-------+----------+-------------------------------------------
     0 | D:1      | zibby the Vampire Brigand began the quest for the Orb.
     0 | D:1      | Reached XP level 1. HP: 16/16 MP: 1/1
    23 | D:1      | Reached skill level 6 in Stealth
   131 | D:1      | Reached XP level 2. HP: 13/17 MP: 2/2
   309 | D:1      | Reached skill level 7 in Stealth
   967 | D:2      | Gained mutation: You are afflicted with vampirism and can
                  | become a bat while bloodless. [Vampire growth]
   967 | D:2      | Reached XP level 3. HP: 21/21 MP: 3/3
  1064 | D:2      | Found Araghibb's Magic Scroll Shop.
  1452 | D:2      | Reached XP level 4. HP: 26/26 MP: 4/4
  1983 | D:3      | Reached skill level 8 in Stealth
  2026 | D:3      | Found a bloodstained altar of Trog.
  2586 | D:3      | Reached XP level 5. HP: 22/30 MP: 5/5
  2624 | D:4      | Reached skill level 1 in Armour
  2691 | D:4      | Noticed a phantom
  2700 | D:4      | Killed a phantom
  2701 | D:4      | Reached skill level 1 in Axes
  2840 | D:4      | Noticed Sigmund
  2853 | D:4      | Killed Sigmund
  2854 | D:4      | Reached skill level 9 in Stealth
  2854 | D:4      | Reached XP level 6. HP: 35/35 MP: 6/6
  2876 | D:4      | Found an ornate altar of the Wu Jian Council.
  2960 | D:4      | Slain by a wight

Illustrated notes

Levels and vault maps discovered:
D:1:      dpeg_arrival_simpleton_c, layout_basic, minmay_door_square,
          amcnicky_mini_corridor_feature, st_stairs_12
D:2:      layout_loops_corners, serial_shops, shop_statue
D:3:      layout_basic, trog_book, chequers_hall_statues_y
D:4:      layout_loops_ring, mainiacjoe_overflow_boulevard, serial_glass,
          glass_columns_a, glass_columns_a, uniq_ijyb, uniq_sigmund

Skill      XL: |  1  2  3  4  5 |
---------------+----------------+-----
Stealth        | 6 7 8 9 |  9.1
Short Blades   | 3 |  3.2
Armour         | 2 |  2.1
Fighting       | 2 |  2.1
Axes           | 2 |  2.1
Throwing       | 2 |  2.1
Dodging        | |  1.4
Shields        | |  0.1

Action                     |  1- 3 |  4- 6 || total
---------------------------+-------+-------++-------
  Melee: Dagger            |    99 |     7 ||   106
         Bite              |     4 |     7 ||    11
         Hand axe          |     2 |    78 ||    80
  Throw: Dart              |    10 |    22 ||    32
         Boomerang         |       |     4 ||     4
Ability: Exsanguinate      |     1 |       ||     1
    Use: Scroll            |     2 |    11 ||    13
         Potion            |       |     5 ||     5
   Stab: Sleeping          |    19 |    11 ||    30
 Armour: Robe              |     1 |     6 ||     7
         Leather armour    |    19 |    20 ||    39
  Dodge: Dodged            |    44 |    32 ||    76
  Block: Buckler           |       |     5 ||     5

Table legend: (Time is in decaauts)
 A = Elapsed time spent in this place.
 B = Non-inter-level travel time spent in this place.
 C = Inter-level travel time spent in this place.
 D = Time resting spent in this place.
 E = Time spent auto-exploring this place.
 F = Levels seen in this place.
 G = Mean time per level.
                   A        B        C        D        E       F      G
               +--------+--------+--------+--------+--------+-----+--------+
         Total |   2965 |   2887 |     78 |     60 |   2112 |   4 |  741.2 |
       Dungeon |   2965 |   2887 |     78 |     60 |   2112 |   4 |  741.2 |
               +--------+--------+--------+--------+--------+-----+--------+

Top non-repeatable levels by time:
     D:2: 1044 daAuts
     D:1: 813 daAuts
     D:3: 748 daAuts
     D:4: 358 daAuts
